 Dungeon Crawl Stone Soup version 0.17-a0-737-gf0a300a (webtiles) character file.

254 Nilski the Skirmisher (level 6, 0/39 HPs)
             Began as a Gargoyle Fighter on May 8, 2015.
             Killed from afar by an orc wizard (1 damage)
             ... with a magic dart
             ... on level 4 of the Dungeon.
             The game lasted 00:05:04 (2052 turns).

Nilski the Skirmisher (Gargoyle Fighter)            Turns: 2052, Time: 00:05:04

Health: 0/39       AC: 12    Str: 21    XL:     6   Next: 14%
Magic:  6/6        EV: 10    Int:  8    God:
Gold:   148        SH:  5    Dex: 10    Spells: 0 memorised, 5 levels left

rFire  . . .     SeeInvis .     a - +0 war axe
rCold  . . .     Clarity  .     b - +0 scale mail
rNeg   + . .     SustAb   .     o - +1 buckler {rPois}
rPois  ∞         Gourm    .     (no helmet)
rElec  +         Spirit   .     r - +0 cloak
rCorr  .         Warding  .     (no gloves)
rMut   .         Stasis   .     (no boots)
MR     .....                    (no amulet)
Stlth  ..........               (no ring)
                                (no ring)

@: not resistant to hostile enchantments, extremely unstealthy
A: negative energy resistance 1, electricity resistance, unbreathing,
petrification resistance, rot immunity, AC +4
a: no special abilities


You were on level 4 of the Dungeon.
You were not hungry.

You visited 1 branch of the dungeon, and saw 4 of its levels.

You collected 148 gold pieces.

Inventory:

Hand weapons
 a - a +0 war axe (weapon)
Armour
 b - a +0 scale mail (worn)
 c - a +0 shield
 o - a +1 buckler of poison resistance (worn)
 r - a +0 cloak (worn)
Scrolls
 f - a scroll of magic mapping {unknown}
 j - a scroll of amnesia {unknown}
 k - 2 scrolls of identify {unknown}
 m - 2 scrolls of remove curse {unknown}
 n - 3 scrolls of teleportation {unknown}
 v - a scroll of enchant armour {unknown}
Potions
 d - a potion of might
 l - a potion of curing {unknown}
 p - a potion of resistance {unknown}
 q - a potion of lignification {unknown}
 s - a potion of mutation {unknown}
 t - a potion of agility {unknown}
 u - a potion of haste {unknown}
Comestibles
 e - 3 bread rations
 g - a fruit
 h - 2 beef jerkies
 i - a meat ration


   Skills:
 + Level 4.4 Fighting
 + Level 2.9 Axes
 + Level 3.8 Armour
 + Level 2.3 Dodging
 + Level 0.2 Stealth
 + Level 4.2 Shields


You had 5 spell levels left.
You didn't know any spells.

Dungeon Overview and Level Annotations

Branches:
Dungeon (4/15)
 Temple: D:4-7

Altars:


Innate Abilities, Weirdness & Mutations

You are resistant to torment.
Your stone body is resilient (AC +4).
You are immune to poison.
You resist negative energy.
You are resistant to electric shocks.
You can survive without breathing.
You are immune to petrification.
You are immune to rotting.


Message History

* * * LOW HITPOINT WARNING * * *
Something hits you but does no damage.
You hit the orc priest.
The orc priest is almost dead.
You closely miss something. You hit something.
You hit the orc wizard but do no damage.
The orc wizard is moderately wounded.
You closely miss the orc.
The orc is heavily wounded.
The orc wizard hits you but does no damage.
Something hits you but does no damage.
The orc priest hits you but does no damage.
The orc hits you but does no damage.
You hear some strange, mumbled words.
A puff of flame appears from out of thin air!
The puff of flame hits you!
* * * LOW HITPOINT WARNING * * *
The orc wizard points at you and mumbles some strange words.
The magic dart hits you!
You die...

... .........
...........
#............
#.............
#.............
#....o...<...
#...ooo.......
#...{@{.....#
#.....)..##...
....####...#......
..................
...................
..............###
...####....####
..##....#### ..
###....## ...


You could see an orc priest, an orc wizard and 2 orcs.

Vanquished Creatures
  An orc priest (D:4)
  2 orc wizards (D:3)
  Ijyb (D:2)
  2 worker ants (D:4)
  3 adders
  An ooze (D:3)
  A worm (D:1)
  A giant gecko (D:2)
  3 orcs
  6 giant cockroaches
  8 goblins
  9 hobgoblins
  8 jackals (D:1)
  5 kobolds
  3 bats (D:1)
  2 giant newts
  2 quokkas
  6 rats
64 creatures vanquished.

Notes
Turn   | Place    | Note
--------------------------------------------------------------
     0 | D:1      | Nilski, the Gargoyle Fighter, began the quest for the Orb.
     0 | D:1      | Reached XP level 1. HP: 14/14 MP: 1/1
    96 | D:1      | Reached XP level 2. HP: 14/19 MP: 2/2
   406 | D:1      | Reached XP level 3. HP: 20/23 MP: 3/3
   799 | D:2      | Reached skill level 1 in Dodging
   887 | D:2      | You fall through a shaft!
  1218 | D:2      | Noticed Ijyb
  1236 | D:2      | Killed Ijyb
  1236 | D:2      | Reached XP level 4. HP: 29/29 MP: 4/4
  1451 | D:3      | Reached skill level 4 in Fighting
  1739 | D:3      | Reached XP level 5. HP: 12/33 MP: 5/5
  2049 | D:4      | Reached XP level 6. HP: 20/39 MP: 6/6
  2052 | D:4      | HP: 1/39 [something/puff of flame (6)]
  2052 | D:4      | Killed from afar by an orc wizard

Action                   |  1- 3 |  4- 6 || total
-------------------------+-------+-------++-------
Melee: War axe           |   133 |   137 ||   270
  Eat: Bread ration      |       |     1 ||     1
